 Dungeon Crawl Stone Soup version 0.30-b1-2-g02819fbbbe (webtiles) character file.

Game seed: 10798517092554363400

1645643 ketsa the Slayer (level 26, 260/260 (264) HPs)
             Began as a Minotaur Fighter on May 21, 2023.
             Was an Initiate of Gozag.
             Escaped with the Orb
             ... and 3 runes!
             The game lasted 03:55:09 (72058 turns).

ketsa the Slayer (Minotaur Fighter)                Turns: 72058, Time: 03:55:09

HP:   260/260 (264) AC: 41    Str: 47    XL:     26   Next: 59%
MP:   22/22         EV: 19    Int:  4    God:    Gozag
Gold: 18256         SH:  0    Dex: 17    Spells: 25/25 levels left

rFire   + + .        s - +7 battleaxe "Ozaoshrue" {freeze, Fly}
rCold   + + .        (shield currently unavailable)
rNeg    . . .        G - +4 crystal plate armour of Ihas {rElec rPois}
rPois   +            R - +2 hat
rElec   +            u - scarf {rC+ rF+}
rCorr   .            (no gloves)
SInv    .            I - +3 pair of mountain boots {steadfast, rC+}
Will    +....        U - amulet "Oxooleid" {rC+ Regen+} Stlth
                     n - ring of Bacim {Drain rF+ Str+6 Dex+6 Slay+5}
HPRegen 1.43/turn    Q - +6 ring of strength
MPRegen 0.18/turn

%: no passive effects
@: mighty, gold aura, flying, hasted, studying 4 skills, lightly drained, very
quick
A: horns 2, retaliatory headbutt, strong 1, wild magic 1, cold vulnerability 1,
inability to drink after injury 1
0: Orb of Zot
}: 3/15 runes: barnacled, silver, gossamer
a: Renounce Religion, Potion Petition, Call Merchant, Bribe Branch


You escaped.
You worshipped Gozag.
Gozag was extremely pleased with you.
You visited 12 branches of the dungeon, and saw 53 of its levels.
You visited the Abyss 3 times.
You visited 1 ziggurat, and saw 2 of its levels.

You collected 32651 gold pieces.
You spent 6102 gold pieces at shops.
You paid 8293 gold pieces to Gozag.

Inventory:

Hand Weapons
 s - the +7 battleaxe "Ozaoshrue" (weapon) {freeze, Fly}
   (You acquired it on level 12 of the Dungeon)

   Fly:       It grants you flight.
Missiles
 d - 4 throwing nets
 r - 86 poisoned darts (quivered)
 A - 16 atropa-tipped darts
Armour
 c - a scarf of harm
 o - a +1 pair of gloves of dexterity
 u - a scarf of resistance (worn)
 G - the +4 crystal plate armour of Ihas (worn) {rElec rPois}
   (You bought it in a shop on level 3 of the Shoals)

   rElec:     It insulates you from electricity.
   rPois:     It protects you from poison.
 I - the +3 pair of mountain boots (worn) {steadfast, rC+}
   (You found it on level 3 of the Elven Halls)

   Steadfast: It prevents involuntary movement, except for blinking,
   teleportation, or banishment.
   rC:        It protects you from cold.
 R - a +2 hat (worn)
Jewellery
 n - the ring of Bacim (left hand) {Drain rF+ Str+6 Dex+6 Slay+5}
   (You bought it in a shop on level 1 of the Shoals)

   [ring of strength]

   Str:       It affects your strength (+6).
   Dex:       It affects your dexterity (+6).
   Slay:      It affects your accuracy & damage with ranged weapons and melee
   (+5).
   rF:        It protects you from fire.
   Drain:     It drains your maximum health when unequipped.
 C - a +4 ring of slaying
 F - a ring of protection from cold
 P - the ring of the Parsimonious God {Wiz Fly rElec}
   (You found it on level 2 of the Shoals)

   [ring of wizardry]

   It improves your spell success rate.
   rElec:     It insulates you from electricity.
   Fly:       It grants you flight.
 Q - a +6 ring of strength (right hand)
 S - the ring "Birphehopp" {rN++ Int+6}
   (You acquired it on level 15 of the Dungeon)

   [ring of intelligence]

   Int:       It affects your intelligence (+6).
   rN:        It greatly protects you from negative energy.
 U - the amulet "Oxooleid" (around neck) {rC+ Regen+}
   (You found it on level 3 of the Elven Halls)

   [amulet of regeneration]

   rC:        It protects you from cold.
   Regen:     It increases your rate of health regeneration.
 W - a ring of see invisible
 Z - an amulet of reflection
Wands
 l - a wand of light (23)
 q - a wand of mindburst (35)
 t - a wand of digging (11)
 D - a wand of iceblast (34)
 J - a wand of flame (109)
 L - a wand of polymorph (38)
 M - a wand of charming (58)
Scrolls
 e - 9 scrolls of magic mapping
 f - 6 scrolls of silence
 i - 8 scrolls of fear
 j - 9 scrolls of fog
 k - 31 scrolls of teleportation
 y - 15 scrolls of blinking
 B - 5 scrolls of brand weapon
 E - 4 scrolls of butterflies
 K - 14 scrolls of enchant armour
 T - 11 scrolls of poison
 X - 43 scrolls of identify
 Y - 9 scrolls of amnesia
Potions
 a - 10 potions of heal wounds
 g - 17 potions of mutation
 h - 25 potions of curing
 m - 2 potions of might
 v - 3 potions of invisibility
 w - 14 potions of flight
 x - 4 potions of haste
 H - a potion of resistance
 N - 9 potions of ambrosia
 O - 13 potions of lignification
 V - 8 potions of berserk rage
Miscellaneous
 b - a piece from Xom's chessboard (15/15)
 p - a lightning rod (4/4)
 z - a tin of tremorstones (2/2)


   Skills:
 + Level 26.5 Fighting
 * Level 22.1 Axes
 - Level 18.3 Throwing
 + Level 26.2 Armour
 - Level 18.0 Dodging
 - Level 13.5 Stealth
 - Level 5.0 Shields
 - Level 18.2 Evocations


You had 25 spell levels left.
You didn't know any spells.
Your spell library contained the following spells:

 Spells                   Type           Power      Damage    Failure   Level
 Apportation              Tloc           0%         N/A       91%         1
 Beastly Appendage        Tmut           0%         N/A       91%         1
 Freeze                   Ice            0%         1d3       91%         1
 Magic Dart               Conj           0%         1d3       91%         1
 Necrotise                Necr           0%         1d4       91%         1
 Sandblast                Erth           0%         2d4       91%         1
 Shock                    Conj/Air       0%         1d3       91%         1
 Summon Small Mammal      Summ           0%         N/A       91%         1
 Call Imp                 Summ           0%         N/A       97%         2
 Cigotuvi's Dreadful Rot  Necr/Pois/Air  0%         N/A       97%         2
 Lesser Beckoning         Tloc           0%         N/A       97%         2
 Passwall                 Tmut/Erth      0%         N/A       97%         2
 Scorch                   Fire           0%         2d5       97%         2
 Searing Ray              Conj           0%         2d4       97%         2
 Static Discharge         Conj/Air       0%         2-2/arc   97%         2
 Wereblood                Tmut           0%         N/A       97%         2
 Call Canine Familiar     Summ           0%         N/A       99%         3
 Dazzling Flash           Conj/Hex       0%         N/A       99%         3
 Frozen Ramparts          Ice            0%         1d1       99%         3
 Gell's Gravitas          Tloc           0%         N/A       99%         3
 Hailstorm                Conj/Ice       0%         3d3       99%         3
 Ignite Poison            Fire/Tmut/Pois 0%         N/A       99%         3
 Inner Flame              Hex/Fire       0%         N/A       99%         3
 Mephitic Cloud           Conj/Pois/Air  0%         N/A       99%         3
 Ozocubu's Armour         Ice            0%         N/A       99%         3
 Portal Projectile        Hex/Tloc       0%         N/A       99%         3
 Spider Form              Tmut/Pois      0%         N/A       99%         3
 Stone Arrow              Conj/Erth      0%         3d7       99%         3
 Summon Guardian Golem    Hex/Summ       0%         N/A       99%         3
 Swiftness                Air            0%         N/A       99%         3
 Teleport Other           Tloc           0%         N/A       99%         3
 Tukima's Dance           Hex            0%         N/A       99%         3
 Vhi's Electric Charge    Tloc/Air       0%         N/A       99%         3
 Volatile Blastmotes      Fire/Tloc      0%         2d10      99%         3
 Airstrike                Air            0%         2d(0-16)  100%        4
 Anguish                  Hex/Necr       0%         N/A       100%        4
 Animate Armour           Summ/Erth      0%         N/A       100%        4
 Dispel Undead            Necr           0%         3d6       100%        4
 Flame Wave               Conj/Fire      0%         2d4       100%        4
 Fulminant Prism          Conj/Hex       0%         3d5       100%        4
 Iskenderun's Mystic Bla  Conj/Tloc      0%         2d3       100%        4
 Leda's Liquefaction      Hex/Erth       0%         N/A       100%        4
 Manifold Assault         Tloc           0%         N/A       100%        4
 Olgreb's Toxic Radiance  Pois           0%         N/A       100%        4
 Passage of Golubria      Tloc           0%         N/A       100%        4
 Sticky Flame             Conj/Fire      0%         2d3       100%        4
 Summon Ice Beast         Ice/Summ       0%         N/A       100%        4
 Summon Lightning Spire   Summ/Air       0%         N/A       100%        4
 Alistair's Intoxication  Tmut/Pois      0%         N/A       100%        5
 Arcjolt                  Conj/Air       0%         1d10      100%        5
 Blade Hands              Tmut           0%         N/A       100%        5
 Borgnjor's Vile Clutch   Necr/Erth      0%         N/A       100%        5
 Fireball                 Conj/Fire      0%         3d3       100%        5
 Freezing Cloud           Conj/Ice/Air   0%         6-21      100%        5
 Iskenderun's Battlesphe  Conj           0%         2d6       100%        5
 Lee's Rapid Deconstruct  Erth           0%         3d4*      100%        5
 Metabolic Englaciation   Hex/Ice        0%         N/A       100%        5
 Summon Forest            Summ/Tloc      0%         N/A       100%        5
 Summon Mana Viper        Hex/Summ       0%         N/A       100%        5
 Yara's Violent Unravell  Hex/Tmut       0%         3d3       100%        5
 Conjure Ball Lightning   Conj/Air       0%         3x3d6     100%        6
 Death Channel            Necr           0%         N/A       100%        6
 Dispersal                Tloc           0%         N/A       100%        6
 Eringya's Noxious Bog    Tmut/Pois      0%         N/A       100%        6
 Iron Shot                Conj/Erth      0%         9d1       100%        6
 Plasma Beam              Fire/Air       0%         2x1d11    100%        6
 Starburst                Conj/Fire      0%         6d3       100%        6
 Statue Form              Tmut/Erth      0%         N/A       100%        6
 Summon Cactus Giant      Summ           0%         N/A       100%        6
 Enfeeble                 Hex            0%         N/A       100%        7
 Malign Gateway           Summ/Tloc      0%         N/A       100%        7
 Monstrous Menagerie      Summ           0%         N/A       100%        7
 Orb of Destruction       Conj           0%         9d5       100%        7
 Spellforged Servitor     Conj/Summ      0%         N/A       100%        7
 Storm Form               Tmut/Air       0%         N/A       100%        7
 Summon Hydra             Summ           0%         N/A       100%        7
 Discord                  Hex            0%         N/A       100%        8
 Disjunction              Tloc           0%         N/A       100%        8
 Lehudib's Crystal Spear  Conj/Erth      0%         10d2      100%        8
 Maxwell's Capacitive Co  Air            0%         ∞         100%        8
 Summon Horrible Things   Summ           0%         N/A       100%        8
 Fire Storm               Conj/Fire      0%         5d1       100%        9
 Simulacrum               Ice/Necr       Unusable   N/A       N/A         6

Dungeon Overview and Level Annotations

Branches:
Dungeon (15/15)            Temple (1/1) D:6            Lair (5/5) D:9
 Shoals (4/4) Lair:2       Spider (4/4) Lair:2        Slime (2/5) Lair:5
    Orc (2/2) D:11            Elf (3/3) Orc:2        Vaults (5/5) D:14
  Crypt (3/3) Vaults:3       Tomb (0/3) Crypt:3      Depths (4/4) D:15
    Zot (5/5) Depths:4

Altars:
Ashenzari
Cheibriados
Dithmenos
Elyvilon
Fedhas
Gozag
Hepliaklqana
Kikubaaqudgha
Makhleb
Nemelex Xobeh
Okawaru
Qazlal
Ru
Sif Muna
Trog
Uskayaw
Vehumet
Wu Jian
Xom
Yredelemnul
Zin
The Shining One
Jiyva
Lugonu

Shops:
D:12 [   D:15 (*   Orc:1 *   Orc:2 **[:(:   Elf:2 [   Elf:3 *?   Shoals:1 *
Shoals:3 [   Zot:5 *   Depths:1 *   Depths:4 ?=(?=

Portals:
Hell: Depths:1 Depths:2 Depths:3 Depths:4
Abyss: Depths:1 Depths:2 Depths:3 Depths:4
Pandemonium: Depths:2 Depths:4

Annotations:
D:11 exclusion: downstairs
Vaults:4 2 transporters


Innate Abilities, Weirdness & Mutations

You have a pair of horns on your head.
You reflexively headbutt those who attack you in melee.
Your muscles are strong. (Str +4, Int/Dex -1)
Your spells are a little harder to cast, but a little more powerful.
You are vulnerable to cold. (rC-)
You occasionally lose the ability to drink potions when taking damage.


Message History

The demonspawn corrupter is severely wounded.
You slice the acid blob!! You freeze the acid blob!
You kill the acid blob!
The acid blob disappears in a puff of smoke!
You barely miss the deep elf sorcerer.
The demonspawn corrupter hits you but does no damage.
The demonspawn corrupter kicks you but does no damage.
A large slime creature splits.
You open the demonspawn corrupter like a pillowcase!!!
You freeze the demonspawn corrupter!
You kill the demonspawn corrupter!
The ironbound convoker disappears in a puff of smoke!
The slime creature disappears in a puff of smoke!
The deep elf high priest disappears in a puff of smoke!
The slime creature disappears in a puff of smoke!
The deep elf sorcerer disappears in a puff of smoke!
The slime creature disappears in a puff of smoke!
You are no longer corroded.
HP restored.
A blizzard demon comes into view.
The blizzard demon shouts!
The blizzard demon gestures at you. The bolt of cold hits you. You resist.
There is a staircase leading out of the dungeon here.
Okay, then.
You feel very mighty all of a sudden.
You feel yourself speed up. The blizzard demon gestures at you.
The bolt of cold misses you.
You slice the blizzard demon!! You freeze the blizzard demon.
The blizzard demon is heavily wounded.
You barely miss the blizzard demon. You headbutt the blizzard demon!!
The blizzard demon is severely wounded.
The blizzard demon waves its arms in wide circles.
The air twists around and strikes you.
You slice the blizzard demon!!
You kill the blizzard demon!
You now have 18256 gold pieces (gained 15).
There is a staircase leading out of the dungeon here.
You have escaped!

...# #..................
##.################..###..###.###
.......2.....# #..# #......#
.#.#########.#### #..###..#####
...###### ##....####.....##
#.......# #........##.####
#.#####.# #.........#.# .....##.#
#.........#.# #.##.##.#
#.....@.....# #>......#
#.#.......### ##.....##
#.#.......# ##.....####........##
#.............#####
#..#.###.#...## ##..........##
#.#.###.#.## #.#.#(#.#.#


There were no monsters in sight!

Vanquished Creatures
  4 orbs of fire
  Mennas (Vaults:4)
  2 Killer Klowns
  Margery (Vaults:4)
  Saint Roka (Depths:4)
  2 caustic shrikes
  Nikola (Elf:1)
  12 golden dragons
  A bone dragon (Crypt:3)
  2 profane servitors
  2 electric golems
  Jorgrun (Spider:3)
  23 tentacled monstrosities
  The ghost of Lianjan the Warrior, an adept MiGl of Gozag (Shoals:2)
  Zenata (Vaults:4)
  3 liches
  6 quicksilver dragons
  3 deep elf blademasters
  16 Orb Guardians
  4 titans
  2 deep elf master archers (Elf:3)
  An Executioner (D:1)
  7 death cobs
  An acid blob (Zot:1)
  3 tentacled starspawn (Abyss:4)
  2 krakens
  Donald (Vaults:4)
  11 sphinxes
  7 ancient champions
  Agnes (Elf:2)
  18 storm dragons
  6 tengu reavers
  3 draconian monks
  6 revenants
  10 fire giants
  6 draconian knights
  4 iron dragons
  10 shadow dragons
  6 frost giants
  13 emperor scorpions
  7 draconian scorchers
  15 ironbound preservers
  3 draconian shifters
  Aizul (Elf:1)
  10 deep elf sorcerers
  5 ghost moths
  An angel (Depths:2)
  5 deep elf elementalists
  12 ghouls
  17 vault wardens
  The ghost of Uqorphet the Eclecticist, a journeyman DECj of Vehumet (D:14)
  5 curse skulls
  2 orc warlords
  4 draconian stormcallers
  5 draconian annihilators
  Louise (Shoals:2)
  40 very ugly things
  A cacodemon (D:5)
  A demonspawn corrupter (D:1)
  23 stone giants
  3 broodmothers
  7 vampire knights
  The ghost of Xiemaice the Destroyer, a journeyman DrFE of Vehumet (Lair:3)
  3 spriggan defenders
  7 ironbound thunderhulks
  3 war gargoyles
  A demonspawn black sun (D:1)
  13 green draconians
  3 deep elf demonologists (Elf:3)
  5 dire elephants
  4 starcursed masses (Abyss:4)
  9 black draconians
  A lorocyproca (Depths:4)
  6 deep elf annihilators
  A minotaur (Shoals:4)
  7 purple draconians
  9 white draconians
  10 yellow draconians
  6 spark wasps
  10 red draconians
  3 eidola
  18 ettins
  A blizzard demon (D:1)
  10 merfolk impalers
  A mummy priest (Zig:2)
  7 deep elf death magi
  The ghost of Philosiphyzer the Grappler, a journeyman TrMo of Wu Jian (Orc:2)
  5 fire dragons
  Snorg (D:12)
  2 crystal guardians
  8 entropy weavers
  8 jiangshi
  The ghost of decrepitude the Basher, a journeyman NaWr of Cheibriados (D:10)
  8 great orbs of eyes
  Harold (D:9)
  Erolcha (D:12)
  5 rakshasas
  4 peacekeepers
  9 ice dragons
  3 deep elf high priests
  43 vault guards
  17 yaktaur captains
  A radroach (Spider:4)
  A quicksilver dragon skeleton (Crypt:2)
  3 catoblepae
  3 ogre magi
  10 hydras
  3 jorogumos
  A merfolk aquamancer (Shoals:1)
  2 spriggan air magi
  15 ironbound frosthearts
  An alligator snapping turtle (Shoals:2)
  10 centaur warriors
  3 merfolk avatars
  An anaconda (shapeshifter) (Abyss:4)
  23 dancing weapons
  4 boulder beetles
  12 two-headed ogres
  2 death knights
  13 satyrs
  9 deep troll shamans
  A two-headed ogre (shapeshifter) (Depths:2)
  10 tengu warriors
  8 vampire magi
  An Orb Guardian skeleton (Crypt:1)
  6 orc high priests
  The ghost of ketsa the Thaumaturge, a novice DjFE of Makhleb (D:9)
  8 spriggan berserkers
  11 deep troll earth magi
  A titan zombie (Crypt:2)
  4 thrashing horrors (Abyss:4)
  11 skysharks
  7 hell knights (Vaults:4)
  A soul eater (Depths:4)
  15 deep elf knights
  A storm dragon zombie (Crypt:3)
  2 sun demons (Depths:4)
  4 wretched stars (Abyss:4)
  2 shadow wraiths (Crypt:3)
  A spatial maelstrom (Abyss:4)
  A death drake (Zot:1)
  9 iron trolls
  21 skeletal warriors
  A goliath frog (Abyss:4)
  10 sea snakes
  4 pharaoh ants
  5 sixfirhies
  2 swamp dragons
  54 deep trolls
  A sun moth (Spider:1)
  7 orb spiders
  2 flayed ghosts
  A cherub (D:2)
  A shadow demon (D:1)
  4 bog bodies
  2 golden dragon skeletons
  6 wizards
  4 glowing orange brains
  Pikel (D:8)
  A tengu zombie (Depths:3)
  3 necromancers
  A harpy (shapeshifter) (D:14)
  22 ironbound convokers
  13 phantasmal warriors
  5 deep elf archers
  33 deep elf pyromancers
  13 orc knights
  An anaconda skeleton (Crypt:1)
  3 orc sorcerers
  A sphinx zombie (Depths:3)
  26 fauns
  11 steelbarb worms
  10 harpies
  19 lindwurms
  40 deep elf zephyrmancers
  A faun (shapeshifter) (Vaults:4)
  An oklob plant (Lair:4)
  18 wolf spiders
  6 cyclopes
  A manticore (shapeshifter) (Vaults:4)
  18 manticores
  2 mana vipers (shapeshifter)
  21 ugly things
  25 moths of wrath
  A shining eye (Zig:1)
  A fire giant skeleton (Crypt:3)
  2 moths of wrath (shapeshifter)
  A frost giant skeleton (Crypt:2)
  A worldbinder (Abyss:4)
  A frost giant zombie (Depths:3)
  A sphinx skeleton (Crypt:1)
  Maurice (D:12)
  8 elephants
  A rust devil (Depths:4)
  6 merfolk sirens
  4 water nymphs
  16 vault sentinels
  3 orange demons
  2 spectral iron trolls (Crypt:3)
  2 water nymphs (shapeshifter) (Vaults:4)
  7 black mambas
  3 demonic crawlers
  2 apocalypse crabs (Shoals:2)
  2 torpor snails
  A centaur skeleton (Crypt:2)
  5 smoke demons
  An unseen horror (D:13)
  2 molten gargoyles (Lair:5)
  A shock serpent skeleton (Crypt:1)
  4 kobold demonologists
  A green draconian zombie (Crypt:1)
  10 cane toads
  14 komodo dragons
  A redback zombie (Crypt:1)
  A tormentor (Depths:2)
  A yaktaur (shapeshifter) (D:15)
  2 efreet
  9 freezing wraiths
  An alligator snapping turtle skeleton (Crypt:3)
  42 yaktaurs
  2 spectral deep trolls (Crypt:3)
  5 tengu conjurers
  An ice devil (Depths:2)
  A guardian mummy (Crypt:3)
  A red devil (Depths:2)
  An ancient zyme (Abyss:4)
  6 trolls
  6 meliai
  A polar bear (Lair:5)
  A queen bee (Lair:3)
  24 merfolk
  8 wind drakes
  16 hornets
  10 large abominations
  21 tarantellas
  14 blink frogs
  2 ettin zombies
  A radroach zombie (Crypt:3)
  5 snapping turtles
  A sphinx simulacrum (Depths:3)
  17 dream sheep
  3 raiju (Abyss:4)
  8 flying skulls
  40 slime creatures
  23 culicivoras
  3 slime creatures (shapeshifter)
  10 wraiths
  30 jumping spiders
  A centaur simulacrum (D:15)
  A fire dragon skeleton (Crypt:2)
  2 spriggans
  7 air elementals
  2 ynoxinuls
  2 shadows (D:10)
  4 vampires
  37 yaks
  5 wyverns
  16 water elementals
  5 fire elementals (Elf:2)
  5 steam dragons
  3 neqoxecs
  16 vampire mosquitoes
  4 basilisks (Lair:5)
  A chaos spawn (Abyss:4)
  48 redbacks
  4 wargs
  3 spatial vortices (Abyss:4)
  2 acid dragons
  Duvessa (D:5)
  16 water moccasins
  A deep troll skeleton (Crypt:2)
  10 hell hounds
  2 sky beasts (D:7)
  33 orc warriors
  4 black bears
  A manticore zombie (Crypt:2)
  9 boggarts (Vaults:1)
  23 wolves
  3 small abominations (Abyss:4)
  9 centaurs
  8 ogres
  2 swamp dragon skeletons
  4 lemures (D:8)
  10 bullfrogs
  11 kobold brigands
  A salamander zombie (Crypt:1)
  6 earth elementals
  4 gnoll sergeants
  11 scorpions
  6 necrophages
  9 wights (D:9)
  Dowan (D:5)
  15 killer bees
  A shapeshifter skeleton (Crypt:2)
  A raiju skeleton (Crypt:3)
  2 electric eels (Spider:4)
  5 howler monkeys
  5 lava snakes (Lair:5)
  4 jellies
  24 orc priests
  A gnoll bouda (D:8)
  3 hounds
  A basilisk skeleton (Crypt:3)
  Natasha (thrice) (D:4)
  Terence (D:3)
  2 sleepcaps
  13 orc wizards
  2 boggart skeletons (D:15)
  A deep dwarf skeleton (Crypt:1)
  A naga skeleton (Crypt:3)
  A boggart simulacrum (D:14)
  A hound skeleton (D:8)
  14 mummies
  5 adders
  23 gnolls
  A shadow imp (D:7)
  2 white imps
  An ufetubus (D:7)
  4 worms
  68 orcs
  5 ball pythons
  5 bats
  6 endoplasms
  5 giant cockroaches
  3 goblins
  5 hobgoblins
  6 quokkas
  A river rat zombie (Crypt:1)
  2 frilled lizards
  A giant cockroach zombie (Crypt:2)
  A hobgoblin zombie (Crypt:3)
  26 kobolds
  5 rats
  A spectral hobgoblin (D:7)
  2 plants
  3 tentacles (Shoals:3)
2330 creatures vanquished.

Vanquished Creatures (collateral kills)
  An electric golem (Zot:5)
  8 Orb Guardians (Zot:5)
  2 moths of wrath (Zot:5)
11 creatures vanquished.

Vanquished Creatures (others)
  A dread lich (Zot:5)
  A Killer Klown (Zot:5)
  An electric golem (Zot:5)
  2 Orb Guardians (Zot:5)
  2 tentacled monstrosities (Zot:5)
  A white draconian (Zot:5)
  A deep elf zephyrmancer (Elf:2)
  A moth of wrath (Zot:5)
  A floating eye (Depths:2)
  An orc (Depths:4)
  87 fungi
  115 plants
  4 starspawn tentacles (Abyss:4)
  5 tentacles
223 creatures vanquished.

Grand Total: 2564 creatures vanquished

Notes
Turn   | Place    | Note
-------+----------+-------------------------------------------
     0 | D:1      | ketsa the Minotaur Fighter began the quest for the Orb.
     0 | D:1      | Reached XP level 1. HP: 19/19 MP: 0/0
   101 | D:1      | Found a faded altar of an unknown god.
   108 | D:1      | Prayed at the altar of an unknown god.
   108 | D:1      | Became a worshipper of Gozag Ym Sagoz the Greedy
   441 | D:1      | Reached XP level 2. HP: 26/26 MP: 1/1
   962 | D:2      | Reached XP level 3. HP: 31/31 MP: 2/2
  1208 | D:2      | Got the Encyclopedia of Repulsive Ouranomancy
  2036 | D:3      | Reached skill level 5 in Axes
  2083 | D:3      | Reached XP level 4. HP: 20/39 MP: 1/3
  2208 | D:3      | Noticed Terence
  2754 | D:4      | Noticed a scorpion
  2778 | D:4      | Reached XP level 5. HP: 27/45 MP: 4/4
  2793 | D:3      | Killed Terence
  3142 | D:4      | Reached XP level 6. HP: 51/51 MP: 5/5
  3145 | D:4      | Reached skill level 5 in Shields
  3339 | D:4      | Noticed Natasha
  3348 | D:4      | Killed Natasha
  3429 | D:4      | Noticed Natasha
  3440 | D:4      | Killed Natasha
  3461 | D:4      | Found a shadowy altar of Dithmenos.
  3462 | D:4      | Found a glowing golden altar of the Shining One.
  3464 | D:4      | Found a sacrificial altar of Ru.
  3464 | D:4      | Found a bloodstained altar of Trog.
  3593 | D:5      | Entered Level 5 of the Dungeon
  4006 | D:5      | Found a hide-covered altar of Uskayaw.
  4007 | D:5      | Noticed a +0 hand axe
  4007 | D:5      | Noticed a +0 dagger
  4153 | D:5      | Noticed Dowan
  4153 | D:5      | Noticed Duvessa
  4198 | D:4      | Noticed Natasha
  4201 | D:4      | Killed Natasha
  4202 | D:4      | Reached XP level 7. HP: 56/60 MP: 4/6
  4309 | D:6      | Found a basalt altar of Yredelemnul.
  4421 | D:6      | Reached skill level 5 in Fighting
  4475 | D:6      | Identified the +1 long sword of Foul Odours {elec, rPois
                  | rCorr MP+9 Int-5}
  4767 | D:6      | Found a staircase to the Ecumenical Temple.
  5113 | D:6      | Noticed a yak
  5113 | D:6      | Noticed a yak
  5141 | D:6      | Killed a yak
  5142 | D:6      | Reached XP level 8. HP: 66/70 MP: 5/7
  5202 | D:6      | Reached skill level 5 in Armour
  5211 | D:6      | Reached skill level 10 in Axes
  5397 | Temple   | Entered the Ecumenical Temple
  5645 | D:7      | Found an opulent altar of Gozag.
  5849 | D:7      | Found Ecarruq's General Store.
  5857 | D:7      | Bought a scroll of fear for 44 gold pieces
  5857 | D:7      | Bought a potion of curing for 33 gold pieces
  5857 | D:7      | Bought a scroll of fog for 44 gold pieces
  5857 | D:7      | Bought a potion of berserk rage for 55 gold pieces
  5857 | D:7      | Bought 3 scrolls of enchant armour for 247 gold pieces
  5857 | D:7      | Bought a scroll of identify for 22 gold pieces
  6124 | D:7      | Found a hazy altar of Hepliaklqana.
  6320 | D:8      | Reached XP level 9. HP: 58/75 MP: 4/8
  6590 | D:8      | Found a burning altar of Makhleb.
  6711 | D:8      | Found a blossoming altar of Fedhas.
  6847 | D:8      | Found a shimmering altar of Xom.
  7044 | D:8      | Paralysed by a hornet for 3 turns
  7213 | D:8      | Reached skill level 1 in Dodging
  7537 | D:8      | Found a snail-covered altar of Cheibriados.
  7612 | D:9      | Noticed Pikel
  7675 | D:8      | Killed Pikel
  7751 | D:9      | Reached XP level 10. HP: 81/83 MP: 9/9
  7865 | D:9      | Identified the ring "Zerou" {*Slow rPois rF+ Str+3 Dex+6}
  7988 | D:9      | Reached skill level 5 in Dodging
  7988 | D:9      | Found a broken altar of Ashenzari.
  8252 | D:9      | Found a staircase to the Lair.
  8901 | D:9      | Found a transporter.
  8903 | D:9      | Found a transporter.
  8903 | D:9      | Noticed ketsa's ghost (novice DjFE)
  9229 | D:9      | Reached skill level 1 in Throwing
  9280 | D:9      | Reached skill level 1 in Evocations
  9320 | D:9      | Noticed Harold
  9342 | D:9      | Killed Harold
  9710 | D:10     | Entered Level 10 of the Dungeon
  9738 | D:10     | Reached XP level 11. HP: 82/91 MP: 10/10
  9885 | D:10     | Found a white marble altar of Elyvilon.
 10443 | D:10     | Found a runed translucent gate.
 10443 | D:10     | Found a runed translucent gate.
 10452 | D:10     | Found a runed translucent gate.
 10453 | D:10     | Noticed decrepitude's ghost (journeyman NaWr)
 10704 | D:11     | Reached skill level 15 in Axes
 10784 | D:11     | Noticed a purple ugly thing
 10955 | Lair:1   | Entered Level 1 of the Lair of Beasts
 11395 | Lair:1   | Noticed a catoblepas
 11511 | Lair:1   | Killed a catoblepas
 11512 | Lair:1   | Reached skill level 5 in Throwing
 12566 | Lair:2   | Noticed a seven-headed hydra
 12923 | D:10     | Killed a purple ugly thing
 13027 | D:11     | Reached XP level 12. HP: 93/106 MP: 11/11
 13557 | D:5      | Killed Duvessa
 13573 | D:5      | Killed Dowan
 14098 | D:11     | Reached skill level 10 in Fighting
 14738 | D:11     | Found a staircase to the Orcish Mines.
 14765 | Orc:1    | Entered Level 1 of the Orcish Mines
 14872 | Orc:1    | Noticed an orc warlord
 15482 | D:12     | Noticed Maurice
 15556 | D:12     | Killed Maurice
 15657 | D:12     | Identified a scroll of acquirement
 15658 | D:12     | Acquired the +7 battleaxe "Ozaoshrue" {freeze, Fly}
 15707 | D:12     | Noticed Snorg
 15708 | D:12     | Noticed a tengu warrior
 15790 | D:12     | Killed a tengu warrior
 15824 | D:12     | Killed Snorg
 16082 | D:12     | Noticed Erolcha
 16259 | D:7      | Bought a +3 plate armour of cold resistance for 495 gold
                  | pieces
 16521 | Lair:2   | Found a staircase to the Shoals.
 16757 | Lair:2   | Killed an 11-headed hydra
 17279 | Lair:2   | Found a hole to the Spider Nest.
 17304 | Spider:1 | Entered Level 1 of the Spider Nest
 17337 | Shoals:1 | Entered Level 1 of the Shoals
 17358 | Shoals:1 | Identified the +1 chain mail of Lilacs {rF+}
 17624 | Lair:3   | Noticed an eight-headed hydra
 17634 | Lair:3   | Killed a nine-headed hydra
 17738 | Lair:3   | Noticed a catoblepas
 17753 | Lair:3   | Killed a catoblepas
 17962 | Lair:3   | Reached XP level 13. HP: 116/116 MP: 12/12
 18077 | Lair:3   | Noticed Xiemaice's ghost (journeyman DrFE)
 18086 | Lair:3   | Found a transporter.
 18090 | Lair:3   | Found a transporter.
 19411 | Lair:4   | Reached skill level 10 in Armour
 19447 | Lair:4   | Reached skill level 5 in Evocations
 20163 | Lair:5   | Entered Level 5 of the Lair of Beasts
 20431 | Lair:5   | Found a staircase to the Slime Pits.
 20431 | Lair:5   | Found a viscous altar of Jiyva.
 20469 | Slime:1  | Entered Level 1 of the Pits of Slime
 22346 | Lair:5   | Noticed a fire dragon
 22360 | Lair:5   | Reached XP level 14. HP: 106/126 MP: 10/13
 22738 | Lair:5   | Found a large runed translucent door.
 22739 | Lair:5   | Found a large runed translucent door.
 23184 | D:11     | Killed an orc warlord
 23415 | Orc:1    | Found Gucvis's General Store.
 23610 | Orc:2    | Entered Level 2 of the Orcish Mines
 23641 | Orc:2    | Found Tocogeat's Specific Store.
 23643 | Orc:2    | Found Hukuxtos's General Store.
 23651 | Orc:2    | Bought a potion of cancellation for 128 gold pieces
 23981 | Orc:2    | Identified the +1 giant spiked club "Yfoeliz" {holy, rF+}
 23982 | Orc:2    | Noticed Philosiphyzer's ghost (journeyman TrMo)
 24028 | Orc:2    | Found a staircase to the Elven Halls.
 24055 | Elf:1    | Entered Level 1 of the Elven Halls
 24062 | Orc:2    | need relec to enter elf
 24791 | Orc:2    | Gained mutation: You sometimes lose your temper in combat.
                  | [a neqoxec]
 25269 | Orc:2    | Found Teatsafek's Book Shop.
 25269 | Orc:2    | Found Ceorafeixu's Antique Armour Shop.
 25270 | Orc:2    | Found Jexzoq's Antique Weapon Shop.
 25270 | Orc:2    | Found Ceunal's Book Boutique.
 25278 | Orc:2    | Bought a pair of embroidered boots for 157 gold pieces
 25354 | Orc:2    | Found a transporter.
 25369 | Orc:2    | Found a transporter.
 25519 | Orc:2    | Found a staircase to the Elven Halls.
 25608 | Orc:2    | Found Ceorafeixu's Antique Armour Shop.
 25610 | Orc:2    | Found Ceunal's Book Boutique.
 25613 | Orc:2    | Found Jexzoq's Antique Weapon Shop.
 25614 | Orc:2    | Found Teatsafek's Book Shop.
 25670 | Orc:2    | Found a transporter.
 25751 | Orc:2    | Found Tocogeat's Specific Store.
 25754 | Orc:2    | Found Hukuxtos's General Store.
 26015 | Orc:2    | Bought a scroll of fear for 64 gold pieces
 26015 | Orc:2    | Bought a potion of mutation for 128 gold pieces
 26017 | Orc:2    | Lost mutation: You sometimes lose your temper in combat.
                  | [potion of mutation]
 26017 | Orc:2    | Gained mutation: You are agile. (Dex +4, Str/Int -1)
                  | [potion of mutation]
 26017 | Orc:2    | Gained mutation: Your muscles are strong. (Str +4, Int/Dex
                  | -1) [potion of mutation]
 26017 | Orc:2    | Gained mutation: Your spells are a little harder to cast,
                  | but a little more powerful. [potion of mutation]
 26156 | D:12     | Found a stormy altar of Qazlal.
 26371 | D:12     | Killed Erolcha
 28021 | D:14     | Found a bloodstained altar of Trog.
 28211 | D:14     | Found a gate to the Vaults.
 28236 | D:14     | Reached XP level 15. HP: 86/138 MP: 8/14
 28653 | D:14     | HP: 3/138 [centaur warrior/arrow (10)]
 28979 | D:14     | Found a runed translucent gate.
 28979 | D:14     | Noticed Uqorphet's ghost (journeyman DECj)
 28980 | D:14     | Found a runed translucent gate.
 28980 | D:14     | Found a runed translucent gate.
 29588 | D:15     | Entered Level 15 of the Dungeon
 29690 | Abyss:2  | Cast into level 2 of the Abyss (a wizard)
 29713 | D:15     | Escaped the Abyss
 29784 | D:15     | Found a staircase to the Depths.
 30046 | D:15     | Reached skill level 15 in Fighting
 30117 | D:15     | Acquired the ring "Birphehopp" {rN++ Int+6}
 30697 | D:15     | Bought a scroll of fear for 164 gold pieces
 30697 | D:15     | Bought a scroll of teleportation for 123 gold pieces
 30697 | D:15     | Bought a scroll of enchant armour for 307 gold pieces
 30840 | Shoals:1 | Reached skill level 10 in Evocations
 30921 | Shoals:1 | Found Haosejih's General Store.
 30967 | Shoals:1 | Bought the ring of Bacim {Drain rF+ Str+6 Dex+6 Slay+5} for
                  | 1326 gold pieces
 30967 | Shoals:1 | Bought a potion of curing for 51 gold pieces
 30967 | Shoals:1 | Bought a scroll of teleportation for 51 gold pieces
 31000 | Shoals:1 | Found a runed translucent door.
 31641 | Shoals:2 | Reached skill level 15 in Armour
 31872 | Shoals:2 | Reached XP level 16. HP: 117/150 MP: 15/15
 31919 | Shoals:2 | Noticed Louise
 32409 | Shoals:2 | Noticed a kraken
 32416 | Shoals:2 | Killed a kraken
 32431 | Shoals:2 | Noticed a tentacled monstrosity
 32438 | Shoals:2 | Reached skill level 10 in Throwing
 32442 | Shoals:2 | Killed a tentacled monstrosity
 32448 | Shoals:2 | Identified the ring of the Parsimonious God {Wiz Fly rElec}
 32452 | Shoals:2 | Got the Almanac of Mad Ravings
 32536 | Shoals:2 | Paralysed by you for 4 turns
 32656 | Shoals:2 | Killed Louise
 32657 | Shoals:2 | Found a white marble altar of Elyvilon.
 33101 | Shoals:2 | Found a runed translucent door.
 33101 | Shoals:2 | Noticed Lianjan's ghost (adept MiGl)
 33217 | D:9      | Killed ketsa's ghost
 33337 | D:10     | Killed decrepitude's ghost
 33546 | Orc:2    | Found a transporter.
 33635 | Orc:2    | Killed Philosiphyzer's ghost
 34317 | Shoals:4 | Entered Level 4 of the Shoals
 34324 | Shoals:3 | Found Rilootz's Armour Emporium.
 34332 | Shoals:3 | Bought the +4 crystal plate armour of Ihas {rElec rPois}
                  | for 1687 gold pieces
 34417 | Shoals:3 | Noticed a kraken
 34424 | Shoals:3 | Killed a kraken
 35022 | Shoals:4 | Reached XP level 17. HP: 138/162 MP: 16/16
 35140 | Shoals:4 | Identified the +3 ring mail of Submission {Will+ MP+9}
 35938 | Shoals:4 | Identified the +1 troll leather armour of Resilience
                  | {Regen+ Str+3 Stlth+}
 36240 | Shoals:4 | Got a barnacled rune of Zot
 36775 | Spider:1 | Identified the +4 long sword "Agiusotu" {freeze, rCorr
                  | Dex+4}
 38096 | Spider:3 | Noticed Jorgrun
 38110 | Spider:3 | Reached XP level 18. HP: 82/178 MP: 17/17
 38111 | Spider:3 | Killed Jorgrun
 38665 | Spider:4 | Entered Level 4 of the Spider Nest
 38922 | Spider:4 | Identified the +7 plate armour "Quretite" {Rampage rPois
                  | rF+ Int-4}
 39413 | Spider:4 | Got a gossamer rune of Zot
 39845 | Vaults:1 | Entered Level 1 of the Vaults
 40755 | Vaults:1 | Reached XP level 19. HP: 180/189 MP: 18/18
 43685 | Vaults:3 | Reached XP level 20. HP: 169/202 MP: 19/19
 44188 | Vaults:4 | Noticed Zenata
 44193 | Vaults:4 | Killed Zenata
 44226 | Vaults:3 | Found a staircase to the Crypt.
 44669 | Crypt:1  | Entered Level 1 of the Crypt
 45213 | Vaults:4 | Noticed Margery
 45225 | Vaults:4 | Killed Margery
 45388 | Vaults:4 | Noticed Mennas
 45442 | Vaults:4 | Paralysed by a sphinx for 3 turns
 45480 | Vaults:4 | Noticed Donald
 45487 | Vaults:4 | Killed Donald
 45573 | Vaults:4 | Reached skill level 15 in Evocations
 45663 | Vaults:4 | Found a transporter.
 45726 | Vaults:4 | Found a bloodstained altar of Trog.
 45726 | Vaults:4 | Found the necklace of Bloodlust {Fury *Rage Will++ Int-3
                  | Slay+6}
 46166 | Vaults:4 | Killed Mennas
 46422 | Vaults:4 | Found a transporter.
 46749 | Abyss:4  | Cast into level 4 of the Abyss (a deep elf sorcerer)
 46930 | Elf:1    | Escaped the Abyss
 46956 | Elf:1    | Got the Book of Unified Violence
 47017 | Elf:1    | Reached XP level 21. HP: 214/214 MP: 20/20
 47131 | Elf:1    | Found a corrupted altar of Lugonu.
 47404 | Elf:1    | Noticed Nikola
 47413 | Elf:1    | Killed Nikola
 47496 | Elf:1    | Noticed Aizul
 47501 | Elf:1    | Killed Aizul
 48493 | Elf:2    | Found a runed translucent gate.
 48500 | Elf:2    | Found a runed translucent gate.
 48500 | Elf:2    | Found a runed translucent gate.
 48645 | Elf:2    | Found Ymigheapha's Antique Armour Emporium.
 48653 | Elf:2    | Bought a glowing scarf for 272 gold pieces
 48768 | Elf:2    | Got the Almanac of Calefaction
 48793 | Elf:2    | Got the Quarto of the Radish
 49099 | Elf:2    | Noticed Agnes
 49102 | Elf:2    | Killed Agnes
 49534 | Elf:3    | Entered Level 3 of the Elven Halls
 49889 | Elf:3    | Found Haso's Magic Scroll Shop.
 50050 | Elf:3    | Found Eghatupn's Neck Hole.
 50676 | Abyss:4  | Cast into level 4 of the Abyss (a deep elf sorcerer)
 50705 | Abyss:4  | Found a corrupted altar of Lugonu.
 50709 | Abyss:4  | Found a corrupted altar of Lugonu.
 50709 | Abyss:4  | Found a corrupted altar of Lugonu.
 50721 | Abyss:4  | Found a corrupted altar of Lugonu.
 50721 | Abyss:4  | Found a corrupted altar of Lugonu.
 50736 | Abyss:4  | Noticed a profane servitor
 50748 | Abyss:4  | Killed a profane servitor
 50809 | Abyss:4  | Found a corrupted altar of Lugonu.
 50879 | Abyss:4  | Found a corrupted altar of Lugonu.
 50898 | Abyss:4  | Paralysed by an air elemental for 1 turns
 51100 | Elf:3    | Escaped the Abyss
 51176 | Elf:3    | Reached XP level 22. HP: 155/226 MP: 21/21
 51422 | Elf:3    | Identified the +9 mace of the Rotten God {flame, Str+4}
 51638 | Elf:3    | Found the +5 Force Lance {heavy, knockback}
 51650 | Elf:3    | Identified the +4 scale mail of Inviolability {rF+}
 51709 | Elf:3    | Found the +3 pair of mountain boots {steadfast, rC+}
 51737 | Elf:3    | Identified the +4 short sword "Tigilaice" {venom, rElec
                  | rPois rC- Dex+2}
 51746 | Elf:3    | Identified the +2 helmet of Autumn {rElec rF+ Regen+}
 51761 | Elf:3    | Identified the amulet "Oxooleid" {rC+ Regen+}
 51809 | Elf:3    | Identified the +0 robe of Leaves {Drain +Inv Int+2 Dex+5}
 52012 | Elf:3    | Bought a scroll of teleportation for 57 gold pieces
 52012 | Elf:3    | Bought a scroll of teleportation for 57 gold pieces
 52012 | Elf:3    | Bought a scroll of silence for 180 gold pieces
 52012 | Elf:3    | Bought a scroll of teleportation for 57 gold pieces
 52227 | D:14     | Killed Uqorphet's ghost
 52245 | D:14     | Identified the +3 scimitar of Weqif {antimagic, rN++ rCorr}
 52420 | Lair:3   | Killed Xiemaice's ghost
 52767 | Shoals:2 | Killed Lianjan's ghost
 52773 | Shoals:2 | Got the Lectures on Moulding
 52974 | Depths:1 | Entered Level 1 of the Depths
 53415 | Depths:1 | Found a stormy altar of Qazlal.
 53466 | Depths:1 | Found Yqoah's Gadget Gallery.
 53711 | Depths:1 | Found a one-way gate to the infinite horrors of the Abyss.
 53782 | Depths:1 | Found a gateway to Hell.
 53883 | Depths:2 | Found an opulent altar of Gozag.
 54238 | Depths:2 | Noticed a golden dragon
 54253 | Depths:2 | Paralysed by a floating eye for 4 turns
 54258 | Depths:2 | Killed a golden dragon
 54442 | Depths:2 | Found a one-way gateway to a ziggurat.
 54501 | Zig:1    | Entered Level 1 of a ziggurat
 54504 | Zig:1    | Gained mutation: You occasionally lose the ability to drink
                  | potions when taking damage. [a shining eye]
 54528 | Zig:2    | Entered Level 2 of a ziggurat
 54678 | Depths:2 | Found a one-way gate leading to the halls of Pandemonium.
 55309 | Depths:2 | Identified the +6 long sword of Xaorysk {flame, rC+}
 55834 | Depths:3 | Reached skill level 1 in Stealth
 55899 | Depths:3 | Noticed a caustic shrike
 55902 | Depths:3 | Killed a caustic shrike
 55967 | Depths:3 | Reached skill level 10 in Dodging
 55967 | Depths:3 | Reached XP level 23. HP: 168/236 MP: 22/22
 56052 | Depths:3 | Identified the amulet of Immorality {Faith Will+}
 56084 | Depths:3 | Noticed a caustic shrike
 56201 | Depths:2 | Killed a caustic shrike
 56527 | Depths:3 | Reached skill level 5 in Stealth
 57358 | Depths:3 | Identified the staff of conjuration "Usuysano" {rElec rCorr
                  | Dex-2 SInv}
 57379 | Depths:3 | Identified the staff of earth "Kore" {+Blink rCorr}
 57389 | Depths:3 | Identified the +2 falchion "Hydraslayer" {freeze, Int+2}
 57597 | Depths:4 | Entered Level 4 of the Depths
 57604 | Depths:4 | Paralysed by a sphinx for 5 turns
 57788 | Depths:4 | Noticed Saint Roka
 57802 | Depths:4 | Killed Saint Roka
 57946 | Depths:4 | Found a gate to the Realm of Zot.
 58104 | Depths:4 | Found Lucsiel's Antique Weapon Boutique.
 58105 | Depths:4 | Found Siuceat's Jewellery Shop.
 58105 | Depths:4 | Found Caulerpha's Jewellery Boutique.
 58157 | Depths:4 | Found Banypo Hunu's Magic Scroll Shop.
 58165 | Depths:4 | Bought 2 scrolls of teleportation for 102 gold pieces
 58165 | Depths:4 | Bought a scroll of teleportation for 51 gold pieces
 58254 | Depths:4 | Found Deshoj's Magic Scroll Emporium.
 58291 | Depths:4 | Bought 2 scrolls of teleportation for 90 gold pieces
 58291 | Depths:4 | Bought a scroll of fear for 60 gold pieces
 58308 | Depths:4 | Found a sparkling altar of Nemelex Xobeh.
 60390 | Crypt:2  | Reached XP level 24. HP: 227/238 MP: 22/22
 60927 | Crypt:3  | Entered Level 3 of the Crypt
 61307 | Crypt:3  | Found a staircase to the Tomb.
 61717 | Crypt:3  | Reached skill level 15 in Throwing
 62315 | Crypt:3  | Found an ancient bone altar of Kikubaaqudgha.
 62323 | Crypt:3  | Found a basalt altar of Yredelemnul.
 62391 | Crypt:3  | Identified the +7 great sword "Zyuniemm" {venom, Str+5
                  | Int+4 Stlth-}
 62637 | Vaults:5 | Entered Level 5 of the Vaults
 62845 | Vaults:5 | Reached skill level 10 in Stealth
 63153 | Vaults:5 | Reached skill level 15 in Dodging
 63489 | Vaults:5 | Noticed an ancient lich
 64277 | Vaults:5 | Identified the staff of conjuration "Zoiliy Wuuqi" {MP+9}
 64308 | Vaults:5 | Identified the +2 halberd of Okawaru's Outrage {heavy,
                  | rElec rC++ Str+2}
 64414 | Vaults:5 | Found the +8 demon trident "Rift" {distort, reach+}
 64424 | Vaults:5 | Got a silver rune of Zot
 64465 | Vaults:5 | Identified the +4 great sword "Zyruovul" {freeze, rF- rCorr
                  | Str+2 Int+6}
 64545 | Vaults:5 | Identified the staff of death "Widig" {rPois rN+ rCorr
                  | Int+2 Dex-2}
 64945 | Vaults:5 | Reached XP level 25. HP: 251/251 MP: 22/22
 65090 | Vaults:5 | Identified the +7 shortbow of the Slashing Lamprey {speed,
                  | Dex+4}
 65544 | Zot:1    | Entered Level 1 of the Realm of Zot
 65756 | Zot:1    | Identified the +1 morningstar "Killer Bee's Curse" {flame,
                  | rN+ Int+4}
 66283 | Zot:1    | Noticed an orb of fire
 66299 | Zot:1    | Killed an orb of fire
 67719 | Zot:2    | Noticed a Killer Klown
 67726 | Zot:2    | Killed a Killer Klown
 68253 | Zot:3    | Noticed an orb of fire
 68276 | Zot:3    | Gained mutation: You are vulnerable to cold. (rC-) [an orb
                  | of fire]
 68286 | Zot:3    | Lost mutation: You are agile. (Dex +4, Str/Int -1) [an orb
                  | of fire]
 68287 | Zot:3    | Killed an orb of fire
 69502 | Zot:3    | Reached XP level 26. HP: 254/260 MP: 22/22
 69709 | Zot:4    | Noticed an orb of fire
 69717 | Zot:4    | Killed an orb of fire
 69939 | Zot:4    | Identified the +3 spear "Utierezelo" {spect, Int+5 Stlth+}
 70950 | Zot:5    | Entered Level 5 of the Realm of Zot
 71002 | Zot:5    | Found Foadisor's CLEARANCE SALE!.
 71010 | Zot:5    | Bought a scroll of teleportation for 15 gold pieces
 71010 | Zot:5    | Bought a scroll of fear for 20 gold pieces
 71010 | Zot:5    | Bought a potion of curing for 15 gold pieces
 71297 | Zot:5    | Noticed a dread lich
 71297 | Zot:5    | Noticed an orb of fire
 71298 | Zot:5    | Noticed a dread lich
 71305 | Zot:5    | Killed a dread lich
 71315 | Zot:5    | Killed an orb of fire
 71372 | Zot:5    | Noticed an orb of fire
 71423 | Zot:5    | Got the Orb of Zot
 71680 | Depths:2 | Noticed Saupuaji the pandemonium lord
 71823 | D:8      | Noticed Boboat the pandemonium lord
 72058 | D:$      | Escaped with the Orb!

Illustrated notes

.....................$...
^........................
.........................
.................).......
...............))[.......
.........................
)............>...........
.........................
))..............@........
.))......................
...).....................
.).......................
........................
........................
........................
........................
.......#....


Turn 24062 on Orc:2: need relec to enter elf

Levels and vault maps discovered:
D:1:      dpeg_arrival_orchard, layout_loops_cross,
          shapermc_ecumenical_altar_mp_highgroup, minmay_misc_feat_encased,
          minmay_surrounded
D:2:      layout_loops_cross
D:3:      layout_loops_corners, uniq_terence
D:4:      layout_basic, chequers_temple_overflow_statue_of_worship,
          serial_corexii_hall, corexii_hall_statues_i, chequers_hall_statues_y,
          glass_columns_b, uniq_natasha
D:5:      layout_gridville, dancing_weapons_uskayaw, uniq_duvessa
D:6:      layout_loops_ring, overflow_temple_1_default,
          minmay_temple_entry_large_hall
D:7:      statuecave_lemuel, layout_rooms,
          nicolae_hepliaklqana_monster_ancestors, mainiacjoe_overflow_brackets,
          serial_shops, nicolae_shop_tiny_real_fake_doors, minivault_26,
          nicolae_concentric_dashed_squares_mild,
          hangedman_abyss_or_decor_lesser_grid, kennysheep_generic_room_2
D:8:      layout_basic, mainiacjoe_overflow_alcove_2,
          makhleb_blood_cavern_becter, mainiacjoe_overflow_catch_the_wave
D:9:      layout_layer_cave, evilmike_ruin_ashenzari,
          due_lair_maze_entry_diamond, gammafunk_ghost_arena, minivault_22,
          uniq_pikel, uniq_harold
D:10:     layout_roguey, nicolae_elyvilon_temple_path, gammafunk_ghost_spectres
D:11:     layout_cave_pools, kennysheep_orc_monster_closet_entryway
D:12:     layout_cave_pools, nicolae_qazlal_general_emergency, uniq_maurice,
          uniq_snorg, uniq_erolcha
D:13:     layout_rooms
D:14:     layout_basic, erik_vaults_2, bloody_trog, gammafunk_ghost_hydra_chop,
          chequers_serial_rivers_micro_c, minmay_alternating_orb
D:15:     grunt_enter_depths_magical_seal, layout_long_grid,
          nicolae_water_bricks, library_closet
Temple:   nicolae_temple_ecumenical_triangle
Lair:1:   layout_loops_ring, minivault_23, serial_bayou_shore_b,
          grunt_megastairs_1
Lair:2:   layout_roguey, shoals_dummy_entry, spider_nest_entry_funnel_web,
          hibernation_bobbens
Lair:3:   layout_loops_ring, gammafunk_ghost_hive, serial_bayou_pond_a
Lair:4:   layout_gridlike, minmay_lair_oklob_items,
          chequers_serial_rivers_micro_a
Lair:5:   cheibrodos_lair_end_hotspot, layout_hall_layers,
          nicolae_slime_entry_slimehenge
Shoals:1: layout_shoals, serial_shops, nicolae_shop_tiny_waterfront,
          lightli_airlock
Shoals:2: dreamdust_from_the_deep, layout_shoals, gammafunk_ghost_grave,
          lemuel_centaur_altar, uniq_louise
Shoals:3: layout_shoals, serial_shops, shop
Shoals:4: shoals_end_hellmonk_lost_city, serial_shops
Spider:1: layout_spider_delve, nicolae_spider_twisty_arc_passages
Spider:2: spiders_nest_scorpion_pit
Spider:3: layout_spider_delve, drop_trap, uniq_jorgrun
Spider:4: grunt_spider_rune_circles, hellmonk_spider_spawner
Slime:1:  layout_caves
Slime:2:  cheibrodos_slime_lost_civilization_1, layout_caves,
          nicolae_slime_rock_hall_of_fame
Orc:1:    layout_diamond_mine, serial_shops, shop
Orc:2:    st_orc_pillars, layout_diamond_mine, gammafunk_ghost_smash,
          nicolae_specific_store
Elf:1:    nicolae_elf_arrival_aired_out, layout_onion_city, minmay_elf_sorcery,
          nicolae_elf_theology_debate, uniq_aizul, uniq_nikola
Elf:2:    nicolae_elf_blades_splatter_lattice
          [nicolae_blade_entry_area_security], layout_loops_cross, serial_shops,
          nicolae_shop_statue_plus, nicolae_elf_loose_elemental_storage,
          uniq_agnes
Elf:3:    minmay_elf_hall_dome, layout_loops_ring, serial_shops,
          nicolae_shop_statue_plus, nicolae_shop_sticking_my_neck_out
Vaults:1: vaults_room_ringed_pool, nicolae_vaults_house_3, v_misc_33,
          nicolae_vaults_lightning_bolt, v_misc_27, grunt_vaults_hallway_long,
          nicolae_vaults_little_ls, vaults_room_stairs_pillars, v_pattern_5,
          v_misc_27, layout_vaults_omnicross
Vaults:2: nicolae_vaults_lopsided_apartments, v_rooms_3, v_alt_pattern_5,
          hangedman_vaults_trim, v_misc_26, nicolae_vaults_little_squares_3,
          nicolae_vaults_alarming, grunt_vaults_diagonal,
          ontoclasm_vaults_ring_square, layout_vaults_omnibox
Vaults:3: minmay_crypt_entry_simple_sparse, nicolae_vaults_octothorpe,
          nicolae_vaults_shrinking_rooms_1, nicolae_vaults_frosty_reception,
          nicolae_vaults_hexular_roomagon, nicolae_vaults_tetromino_Z_2,
          nicolae_vaults_apartment_2, nicolae_vaults_what_the_h,
          nicolae_vaults_double_plus_2, nicolae_vaults_mini_display_case,
          layout_vaults_chaotic_city
Vaults:4: emtedronai_trogs_sanctum, nicolae_vaults_trapezoid_3,
          nicolae_vaults_diamond_1, v_misc_8, ontoclasm_vaults_ring_square,
          vaults_mumra_hexcomb, nicolae_vaults_offset_grid_hallway_3,
          nicolae_vaults_double_plus_2, nicolae_vaults_storage_room_statues,
          grunt_vaults_hallway_long, nicolae_vaults_surprise_closet,
          vaults_mumra_minichess_inversion, nicolae_vaults_trapezoid_1,
          layout_vaults_maze, uniq_mennas, uniq_margery, uniq_zenata,
          uniq_donald
Vaults:5
Crypt:1:  layout_chaotic_city, roderic_lattice_octagonal_star
Crypt:2:  layout_basic, serial_co_window_serial, co_window_paths_a,
          co_window_paths_b, co_window_paths_a, co_window_corner_a,
          co_window_paths_b, co_window_broadway_b, co_window_of_opportunity_c,
          co_window_corner_ca, co_window_corner_ca, glass_columns_a,
          glass_columns_a, glass_columns_a, glass_columns_b, glass_columns_a
Crypt:3:  lightli_unholy_cathedral, layout_chaotic_city,
          nicolae_tomb_entry_unfolded_pyramid_orthogonal, skrybe_necro_troll_2
Depths:1: layout_gridlike, pf_coc_iceberg, abyss_entry, lemuel_crystal_altar,
          nicolae_kite_square_tiling_tiny, kennysheep_cluttered_room,
          serial_sigils_hangedman_shear, nicolae_shop_gadgets, firewood_loft
Depths:2: nicolae_legendary_halls, layout_basic, enter_ziggurat_f,
          hangedman_abyss_entry_splay, rand_demon_pan_entry_8,
          grunt_hell_entry_dis_old, chequers_serial_rivers_micro_c,
          grunt_gozag_breadcrumbs
Depths:3: minmay_the_grid_square_5x5_5x5_mashed [minmay_the_grid_square_5x5_v,
          minmay_the_grid_square_5x5_doubleslash,
          minmay_the_grid_square_5x5_forky, minmay_the_grid_square_5x5_detours,
          minmay_the_grid_square_5x5_two_small,
          minmay_the_grid_square_5x5_spiral,
          minmay_the_grid_square_5x5_prize_monsterx,
          minmay_the_grid_square_5x5_checkered,
          minmay_the_grid_square_5x5_prize_gold,
          minmay_the_grid_square_5x5_three, minmay_the_grid_square_5x5_lines,
          minmay_the_grid_square_5x5_inner_v,
          minmay_the_grid_square_5x5_prize_rear_guard,
          minmay_the_grid_square_5x5_two_walls_a,
          minmay_the_grid_square_5x5_plus, minmay_the_grid_square_5x5_z,
          minmay_the_grid_square_5x5_prize_open,
          minmay_the_grid_square_5x5_one_wall,
          minmay_the_grid_square_5x5_prize_open,
          minmay_the_grid_square_5x5_inner_i,
          minmay_the_grid_square_5x5_percent, minmay_the_grid_square_5x5_tie,
          minmay_the_grid_square_5x5_checkered_sparse,
          minmay_the_grid_square_5x5_three_small,
          minmay_the_grid_square_5x5_shrine2], layout_gridlike, hell_entry,
          serial_co_window_serial, co_window_of_opportunity_a,
          co_window_corner_a, co_window_of_opportunity_a, co_window_paths_b,
          co_window_of_opportunity_a, co_window_paths_a, co_window_corner_a,
          co_window_paths_a, co_window_paths_b, co_window_corner_ca,
          co_window_unsneaky_path_a, co_window_corner_b, co_window_corner_cb,
          co_window_paths_e, glass_columns_a, glass_columns_a, abyss_entry
Depths:4: grunt_crosshair, layout_gridlike, hell_entry, serial_shops,
          nicolae_shop_statue_plus, nemelex_spade_bored_becter,
          grunt_pan_entry_sceptre, abyss_entry, serial_bayou_shore_a,
          minmay_shoptagon, uniq_saint_roka
Zot:1:    layout_gridlike, st_small_dragon_hoard_4, hangedman_zot_spectrum
Zot:2:    layout_misc_corridors, zot_minivault_2
Zot:3:    layout_gridlike, st_small_dragon_hoard_2
Zot:4:    layout_cathedral_of_symmetry
Zot:5:    layout_basic, nicolae_shop_clearance

Skill      XL: |  1  2  3  4  5  6  7  8  9 10 11 12 13 14 15 16 17 18 19 20 21 22 23 24 25 26 |
---------------+-------------------------------------------------------------------------------+-----
Axes           | 3 4 5 6 8 9 11 13 14 15 17 19 20 22 | 22.1
Shields        | 4 5 |  5.0
Fighting       | 4 6 9 11 12 14 15 17 19 21 22 24 25 26 | 26.5
Armour         | 4 7 9 11 13 15 17 19 20 22 23 24 25 26 | 26.2
Dodging        | 4 7 9 10 13 15 18 | 18.0
Throwing       | 2 5 8 9 10 12 14 16 18 | 18.3
Evocations     | 2 3 4 6 8 10 12 14 15 16 18 | 18.2
Stealth        | 2 8 11 13 | 13.5

Action                     |  1- 3 |  4- 6 |  7- 9 | 10-12 | 13-15 | 16-18 | 19-21 | 22-24 | 25-27 || total
---------------------------+-------+-------+-------+-------+-------+-------+-------+-------+-------++-------
  Melee: War axe           |    97 |    86 |   278 |   571 |       |       |       |       |       ||  1032
         Headbutt          |     6 |    15 |    46 |   144 |   175 |   218 |   251 |   381 |   209 ||  1445
         Battleaxe         |       |       |       |    99 |   818 |   835 |   990 |  1216 |   654 ||  4612
  Throw: Dart              |       |       |     1 |    33 |    28 |    19 |       |     2 |       ||    83
 Invoke: Call Merchant     |       |       |       |       |     3 |       |       |       |       ||     3
         Bribe Branch      |       |       |       |       |       |       |       |       |     2 ||     2
  Evoke: Wand              |       |     1 |       |     3 |    11 |       |     4 |     2 |       ||    21
         Piece from Xom's  |       |       |       |     4 |     5 |     1 |       |       |       ||    10
    Use: Scroll            |       |     5 |     3 |    16 |     9 |     2 |     2 |     2 |     4 ||    43
         Potion            |       |     1 |     1 |     5 |    11 |     3 |     5 |       |     9 ||    35
   Stab: Distracted        |       |       |     1 |     2 |     3 |    13 |    11 |    14 |     3 ||    47
         Sleeping          |       |       |       |     1 |       |       |       |       |       ||     1
         Invisible         |       |       |       |       |       |     1 |       |       |       ||     1
         Paralysed         |       |       |       |       |       |       |       |       |     1 ||     1
 Armour: Scale mail        |    47 |    20 |       |       |       |       |       |       |       ||    67
         Chain mail        |       |     4 |   147 |   242 |       |       |       |       |       ||   393
         Plate armour      |       |       |       |    36 |   451 |    95 |       |       |       ||   582
         Crystal plate arm |       |       |       |       |       |   497 |   473 |   939 |   395 ||  2304
  Dodge: Dodged            |    52 |    38 |   115 |   265 |   310 |   479 |   350 |   787 |   444 ||  2840
  Block: Buckler           |    19 |    16 |    51 |   104 |       |       |       |       |       ||   190
